 Dungeon Crawl Stone Soup version 0.23.2 (webtiles) character file.

Game seed: 15076701187470984525

88 Leeroy the Digger (level 4, -3/30 HPs)
             Began as a Formicid Earth Elementalist on Apr 12, 2019.
             Was an Initiate of Vehumet.
             Killed by divine providence
             ... invoked by an orc priest
              (15 damage)
             ... on level 3 of the Dungeon.
             The game lasted 00:08:49 (2476 turns).

Leeroy the Digger (Formicid Earth Elementalist)     Turns: 2476, Time: 00:08:51

Health: -3/30      AC:  3    Str: 14    XL:     4   Next: 82%
Magic:  4/7        EV: 11    Int: 14    God:    Vehumet [......]
Gold:   71         SH:  5    Dex: 11    Spells: 1/7 levels left

rFire    . . .     SeeInvis +   k - +0 short sword
rCold    . . .     Gourm    .   f - +2 buckler
rNeg     . . .     Faith    .   c - +0 robe
rPois    .         Spirit   .   (helmet unavailable)
rElec    .         Reflect  .   y - +0 cloak
rCorr    .         Harm     .   (no gloves)
MR       .....                  (no boots)
Stlth    ++........             (no amulet)
HPRegen  0.10/turn              (no ring)
MPRegen  0.10/turn              (no ring)

@: no status effects
A: permanent stasis, dig shafts and tunnels, four strong arms, antennae 3
a: Dig, Shaft Self, Renounce Religion


You were on level 3 of the Dungeon.
You worshipped Vehumet.
Vehumet was noncommittal.
You were not hungry.

You visited 1 branch of the dungeon, and saw 3 of its levels.

You collected 71 gold pieces.

Inventory:

Hand Weapons
 i - a +0 dagger
 k - a +0 short sword (weapon)
 p - a cursed -3 short sword
 x - a +0 hunting sling
Missiles
 b - 35 stones (quivered)
 n - 57 arrows
 s - 18 poisoned needles
 t - 8 tomahawks
Armour
 c - a +0 robe (worn)
 e - a +0 ring mail
 f - a +2 buckler (worn)
 u - a +0 leather armour
 y - a +0 cloak (worn)
Wands
 w - a wand of polymorph (4)
Scrolls
 g - 5 scrolls of identify {unknown}
 j - 2 scrolls of magic mapping {unknown}
 l - 2 scrolls of teleportation {unknown}
 o - 2 scrolls of remove curse {unknown}
Potions
 a - a potion of flight {unknown}
 h - 2 potions of might {unknown}
 m - a potion of brilliance {unknown}
 q - a potion of haste {unknown}
 r - a potion of resistance {unknown}
 v - a potion of ambrosia {unknown}
Comestibles
 d - 5 rations
 z - a chunk of flesh


   Skills:
 - Level 0.1 Fighting
 * Level 1.7 Short Blades
 * Level 2.0 Armour
 - Level 1.8 Dodging
 - Level 2.4 Stealth
 - Level 2.2 Spellcasting
 * Level 0.2 Conjurations
 - Level 1.2 Transmutations
 + Level 4.8 Earth Magic


You had one spell level left.
You knew the following spells:

 Your Spells              Type           Power        Failure   Level  Hunger
a - Sandblast             Erth           ###...       5%          1    #......
b - Passwall              Tmut/Erth      ##......     17%         2    ###....
c - Stone Arrow           Conj/Erth      #.....       38%         3    ###....

Your spell library contained the following spells:

 Spells                   Type           Power        Failure   Level  Hunger
 Petrify                  Tmut/Erth      ##......     73%         4    #####..
 Lee's Rapid Deconstruct  Erth           ###.......   82%         5    ######.


Dungeon Overview and Level Annotations

Branches:
Dungeon (3/15)

Altars:
Vehumet
Yredelemnul


Innate Abilities, Weirdness & Mutations

You cannot be hasted, slowed, berserked, paralysed or teleported.
You can dig through walls and to a lower floor.
Your four strong arms can wield two-handed weapons with a shield.
You have a pair of large antennae on your head. (SInv)


Message History

Press: ? - help, Shift-Dir - straight line, f/p - orc priest
Aim: an orc priest, wielding a +0 flail, wearing a cursed +0 ring mail and wearing a cursed -2 ring of protection (moderately wounded)
The blast of sand hits the orc priest but does no damage.
The orc priest is moderately wounded.
b - 36 stones The bat hits you.
The orc priest hits you with a +0 flail.
Casting: Sandblast (safe; 5% risk of failure)
Confirm with . or Enter, or press ? or * to list all spells.
Aiming: Sandblast (safe; 5% risk of failure)
Press: ? - help, Shift-Dir - straight line, f/p - orc priest
Aim: an orc priest, wielding a +0 flail, wearing a cursed +0 ring mail and wearing a cursed -2 ring of protection (moderately wounded)
The blast of sand hits the orc priest.
The orc priest is heavily wounded.
b - 35 stones The bat closely misses you.
The orc priest mumbles some strange prayers to Beogh against you.
Beogh smites you!
Ouch! That really hurt!
You die...

.#####.........#.........#.#####.
....>..#.#....##.#.#####.#.###≈≈≈
....####.#.##....#.# ####.#≈≈≈.#
.##........##......####....≈≈..##
###.......<##..#..#.......≈≈..#.≈
# ##......##..##..#.#.#####.≈≈≈#.
# #......##.##......<.# ####≈..
#.[...###.#.o.......# #≈.#
##.##.##..#.#@b.....# ##.#
#..#.##.##.#.......###. .
#####......................# .#
##......()..##.........##### #.
#.......#..#..#.÷.....# #
..............#.###..##
#................ ..##
#.....o.........#####
........#.#......


You could see an orc priest and a bat.

Vanquished Creatures
  2 adders (D:3)
  A worm (D:2)
  A dart slug (D:1)
  5 leopard geckos
  3 orcs (D:3)
  6 bats
  5 hobgoblins
  6 jackals (D:3)
  A quokka (D:3)
  9 frilled lizards
  8 goblins
  5 kobolds
  7 rats
59 creatures vanquished.

Notes
Turn   | Place    | Note
-------+----------+-------------------------------------------
     0 | D:1      | Leeroy the Formicid Earth Elementalist began the quest for
                  | the Orb.
     0 | D:1      | Reached XP level 1. HP: 13/13 MP: 3/3
   107 | D:1      | Reached skill level 4 in Earth Magic
   132 | D:1      | Reached XP level 2. HP: 15/19 MP: 1/5
   194 | D:1      | Reached skill level 1 in Armour
   585 | D:1      | Learned a level 2 spell: Passwall
   981 | D:1      | Reached XP level 3. HP: 24/24 MP: 6/6
  1339 | D:2      | Found a radiant altar of Vehumet.
  1339 | D:2      | Found a basalt altar of Yredelemnul.
  1343 | D:2      | Became a worshipper of Vehumet
  1409 | D:2      | Learned a level 3 spell: Stone Arrow
  1772 | D:3      | Reached XP level 4. HP: 24/30 MP: 7/7
  1927 | D:3      | Reached skill level 1 in Short Blades
  2476 | D:3      | Killed from afar by an orc priest

Skill      XL: |  1  2  3  4 |
---------------+-------------+-----
Earth Magic    | 4 |  4.8
Armour         | 1 2 |  2.0
Short Blades   | 1 |  1.7
Fighting       | |  0.1
Dodging        | |  1.8
Stealth        | |  2.4
Spellcasting   | |  2.2
Conjurations   | |  0.2
Transmutations | |  1.2

Action                   |  1- 3 |  4- 6 || total
-------------------------+-------+-------++-------
Melee: Unarmed           |    21 |       ||    21
       Short sword       |    62 |    60 ||   122
       Dagger            |    11 |       ||    11
 Cast: Sandblast         |    24 |    14 ||    38
       Stone Arrow       |     1 |     2 ||     3
       Passwall          |     1 |       ||     1
 Stab: Sleeping          |     6 |       ||     6
  Eat: Chunk             |     3 |     3 ||     6
Armor: Robe              |    19 |    15 ||    34
Dodge: Dodged            |    57 |    77 ||   134
Block: Buckler           |       |     4 ||     4
